 Dungeon Crawl Stone Soup version 0.22-a0-469-gf26638a (webtiles) character file.

69 pobbes the Caller (level 4, -1/30 HPs)
             Began as a Merfolk Summoner on June 12, 2018.
             Slain by a gnoll (6 damage)
             ... on level 3 of the Dungeon.
             The game lasted 00:15:57 (1561 turns).

pobbes the Caller (Merfolk Summoner)                Turns: 1561, Time: 00:16:00

Health: -1/30      AC:  4    Str: 10    XL:     4   Next: 20%
Magic:  3/8        EV: 13    Int: 15    God:
Gold:   117        SH:  0    Dex: 20    Spells: 1/8 levels left

rFire    . . .     SeeInvis .   k - +1 spear (vamp)
rCold    . . .     Gourm    .   (no shield)
rNeg     . . .     Faith    .   f - +0 leather armour
rPois    .         Spirit   .   m - +0 helmet (curse)
rElec    .         Reflect  .   (no cloak)
rCorr    .         Harm     .   (no gloves)
MR       .....                  (no boots)
Stlth    ++........             (no amulet)
HPRegen  0.10/turn              h - +6 ring of dexterity
MPRegen  0.11/turn              e - +2 ring of strength

@: no status effects
A: change form in water, swift swim, stealthy swim
a: no special abilities


You were on level 3 of the Dungeon.
You were not hungry.

You visited 1 branch of the dungeon, and saw 3 of its levels.

You collected 117 gold pieces.

Inventory:

Hand Weapons
 k - a +1 vampiric spear (weapon)
Missiles
 d - 77 arrows
 p - 5 poisoned tomahawks (quivered)
Armour
 a - a +0 robe
 f - a +0 leather armour (worn)
 l - a +0 animal skin
 m - a cursed +0 helmet (worn)
Jewellery
 e - a +2 ring of strength (right hand)
 h - a +6 ring of dexterity (left hand)
Wands
 j - a wand of disintegration (19)
Scrolls
 g - a scroll of teleportation {unknown}
 i - a scroll of enchant armour {unknown}
 n - a scroll of identify {unknown}
Potions
 b - a potion of flight {unknown}
Comestibles
 c - a ration


   Skills:
 * Level 1.0 Polearms
 + Level 3.0 Dodging
 + Level 2.2 Stealth
 + Level 0.2 Unarmed Combat
 + Level 2.8 Spellcasting
 + Level 4.8 Summonings


You had one spell level left.
You knew the following spells:

 Your Spells              Type           Power        Failure   Level  Hunger
a - Summon Small Mammal   Summ           ###.         3%          1    #......
b - Call Canine Familiar  Summ           ###.....     11%         3    ###....
c - Summon Guardian Gole  Hex/Summ       #.......     30%         3    ###....

Your spell library contained the following spells:

 Spells                   Type           Power        Failure   Level  Hunger
 Summon Ice Beast         Ice/Summ       #.......     71%         4    #####..
 Call Imp                 Summ           ###.....     5%          2    ##.....
 Summon Lightning Spire   Summ/Air       #.......     71%         4    #####..


Dungeon Overview and Level Annotations

Branches:
Dungeon (3/15)

Altars:
Ashenzari


Message History

The gnoll hits your hound. The gnoll hits you but does no damage.
Attack whom?
Press: ? - help, Dir - move target cursor, f/p - gnoll
Aim: a gnoll (moderately wounded)
You hit the gnoll.
The gnoll is moderately wounded.
Your hound misses the bullfrog. The bullfrog hits your hound!
The gnoll hits you.
* * * LOW HITPOINT WARNING * * *
The gnoll hits your hound with a spear. The gnoll barely misses your hound.
Attack whom?
Press: ? - help, Dir - move target cursor, f/p - gnoll
Aim: a gnoll (moderately wounded)
You hit the gnoll.
You feel better.
The gnoll is heavily wounded.
Your hound closely misses the bullfrog.
The bullfrog closely misses your hound. The gnoll hits you with a flail.
* * * LOW HITPOINT WARNING * * *
The gnoll hits you.
You die...

.. ##
....#######..##
.......8g.g....
#@ghFr...
##>g.....
....... .......
....... #####.#
.


You could see a bullfrog, 4 gnolls, a rat, a friendly guardian golem and a
friendly hound.

Vanquished Creatures
  3 adders (D:2)
  A dart slug (D:2)
  A leopard gecko (D:2)
  3 goblins (D:2)
  A ball python (D:2)
  2 frilled lizards
  5 kobolds
16 creatures vanquished.

Vanquished Creatures (collateral kills)
  Robin (D:2)
  An ooze (D:1)
  2 dart slugs
  5 bats
  A giant cockroach (D:1)
  9 goblins (D:2)
  7 hobgoblins
  A frilled lizard (D:1)
  A kobold (D:1)
  7 rats
35 creatures vanquished.

Grand Total: 51 creatures vanquished

Notes
Turn   | Place    | Note
-------+----------+-------------------------------------------
     0 | D:1      | pobbes the Merfolk Summoner began the quest for the Orb.
     0 | D:1      | Reached XP level 1. HP: 13/13 MP: 3/3
   197 | D:1      | Reached XP level 2. HP: 19/19 MP: 1/5
   771 | D:2      | Found a shattered altar of Ashenzari.
  1050 | D:2      | Reached XP level 3. HP: 24/24 MP: 1/6
  1070 | D:2      | Learned a level 3 spell: Call Canine Familiar
  1074 | D:2      | Learned a level 3 spell: Summon Guardian Golem
  1096 | D:2      | Noticed Robin
  1227 | D:2      | Killed Robin
  1481 | D:2      | Reached XP level 4. HP: 26/30 MP: 4/8
  1554 | D:3      | Noticed a bullfrog
  1557 | D:3      | Reached skill level 1 in Polearms
  1561 | D:3      | Slain by a gnoll

Vault maps used:
D:1:      dpeg_arrival_pits
D:2:      glass_columns_c, ashenzari_altar_1, uniq_robin
D:3:      first_ration, minmay_surrounded

Skill      XL: |  1  2  3  4 |
---------------+-------------+-----
Dodging        | 3 |  3.0
Polearms       | 1 |  1.0
Stealth        | |  2.2
Unarmed Combat | |  0.2
Spellcasting   | |  2.8
Summonings     | |  4.8

Action                   |  1- 3 |  4- 6 || total
-------------------------+-------+-------++-------
Melee: Unarmed           |    18 |       ||    18
       Spear             |    31 |    16 ||    47
Throw: Tomahawk          |     3 |       ||     3
 Cast: Summon Small Mamm |    47 |       ||    47
       Call Canine Famil |     7 |     2 ||     9
       Summon Guardian G |       |     1 ||     1
  Use: Scroll            |     1 |       ||     1
  Eat: Ration            |     2 |       ||     2
       Chunk             |     2 |       ||     2
Armor: Leather armour    |    23 |     1 ||    24
Dodge: Dodged            |    82 |     8 ||    90

Table legend:
 A = Spawn XP
 B = Non-spawn XP
 C = Spawn XP percentage of total XP
 D = Spawn monster count
 E = Non-spawn monster count
 F = Spawn count percentage of total count
 G = Total turns spent on level
                    A         B        C        D         E        F      G
               +---------+---------+-------+---------+---------+-------+---------
         Total |       0 |      99 |   0.0 |       0 |      51 |   0.0 |  1561
               +---------+---------+-------+---------+---------+-------+---------
           D:1 |       0 |      22 |   0.0 |       0 |      18 |   0.0 |   757
           D:2 |       0 |      75 |   0.0 |       0 |      32 |   0.0 |   795
           D:3 |       0 |       2 |   0.0 |       0 |       1 |   0.0 |     9
               +---------+---------+-------+---------+---------+-------+---------
